 Dungeon Crawl Stone Soup version 0.25-a0-667-gb977e01cb5 (webtiles) character file.

Game seed: 10374206947169692863, levelgen mode: deterministic

130 kae the Gusty (level 5, -11/28 HPs)
             Began as a Tengu Air Elementalist on Mar 27, 2020.
             Mangled by an ice beast (14 damage)
             ... on level 2 of the Dungeon.
             The game lasted 00:03:52 (3274 turns).

kae the Gusty (Tengu Air Elementalist)              Turns: 3274, Time: 00:03:52

Health: -11/28     AC:  2    Str:  6    XL:     5   Next: 14%
Magic:  2/10       EV: 12    Int: 17    God:
Gold:   153        SH:  0    Dex: 14    Spells: 1/9 levels left

rFire    . . .     SeeInvis +   j - +0 war axe
rCold    . . .     Gourm    .   (no shield)
rNeg     . . .     Faith    .   a - +0 robe
rPois    .         Spirit   .   (helmet restricted)
rElec    +         Reflect  .   (no cloak)
rCorr    .         Harm     .   (no gloves)
MR       .....     Rnd*Tele +   (boots unavailable)
Stlth    ++........             (no amulet)
HPRegen  0.09/turn              e - ring of see invisible
MPRegen  0.12/turn              m - ring of teleportation

@: no status effects
A: beak, talons 3, electricity resistance, weak 1, able to fly
a: Fly


You were on level 2 of the Dungeon.
You were hungry.

You visited 1 branch of the dungeon, and saw 2 of its levels.

You collected 153 gold pieces.

Inventory:

Hand Weapons
 j - a +0 war axe (weapon)
Armour
 a - a +0 robe (worn)
Jewellery
 e - a ring of see invisible (left hand)
 m - a ring of teleportation (right hand)
Scrolls
 h - 6 scrolls of remove curse
Potions
 g - a potion of brilliance
Comestibles
 c - 4 rations


   Skills:
 - Level 2.1 Dodging
 - Level 2.0 Stealth
 + Level 2.8 Spellcasting
 * Level 4.6 Conjurations
 + Level 5.1 Air Magic


You had one spell level left.
You knew the following spells:

 Your Spells              Type           Power        Failure   Level  Hunger
a - Shock                 Conj/Air       ###.         2%          1    #......
b - Static Discharge      Conj/Air       ###.....     7%          3    ###....
c - Airstrike             Air            ###.......   22%         4    #####..

Your spell library contained the following spells:

 Spells                   Type           Power        Failure   Level  Hunger
 Swiftness                Chrm/Air       ##......     10%         2    ##.....
 Lightning Bolt           Conj/Air       ###.......   54%         5    ######.


Dungeon Overview and Level Annotations

Branches:
Dungeon (2/15)

Altars:
Cheibriados
Sif Muna
Wu Jian
Xom
Zin

Annotations:
D:2 Sigmund


Innate Abilities, Weirdness & Mutations

You have a beak for a mouth.
You have claws for feet.
You can fly continuously.
You are resistant to electric shocks. (rElec)
You are weak. (Str -2)


Message History

Confirm with . or Enter, or press ? or * to list all spells.
Aiming: Shock (safe; 2% risk of failure)
Press: ? - help, Shift-Dir - straight line, f/p - ice beast
Aim: an ice beast (moderately wounded)
The zap hits the ice beast!
The ice beast is heavily wounded.
The ice beast hits you. The ice beast freezes you!
* * * LOW HITPOINT WARNING * * *
Okay, then.
There is a transporter here.
You enter the transporter and appear at another place.
The ice beast barely misses you.
You hit the ice beast but do no damage.
The ice beast is heavily wounded.
The ice beast barely misses you. The ice beast hits you.
* * * LOW HITPOINT WARNING * * *
The ice beast freezes you!
Ouch! That really hurt!
You die...

#.#...8.###..#.##.©.##o#....##
#.#'...##...)#.##...##.#.....####
...#####.....#........©#..##...).
.⌠...........#.##..b##.#..##(....
...#####.....#.##.).##o#..##.####
#.#'...##....#..$($Z$..#.###.#
#.#...8.#(##.##8$=_$$8##.# #.#
#.#.._..####..#########..###g#
#.#.8.8.#.......@Y©........g.#
#.##...##.#######........#####
...#####..# ##...#####
#........## ##### ##########


You could see an ice beast, an orc, a bat zombie and a bat.

Vanquished Creatures
  Robin (D:2)
  3 adders (D:2)
  3 worms (D:2)
  2 dart slugs (D:1)
  2 leopard geckos
  9 bats
  7 giant cockroaches
  11 goblins
  10 hobgoblins
  4 jackals (D:2)
  A quokka (D:2)
  4 frilled lizards
  8 kobolds
  7 rats
72 creatures vanquished.

Notes
Turn   | Place    | Note
-------+----------+-------------------------------------------
     0 | D:1      | kae the Tengu Air Elementalist began the quest for the Orb.
     0 | D:1      | Reached XP level 1. HP: 10/10 MP: 4/4
   156 | D:1      | Reached XP level 2. HP: 15/15 MP: 6/6
   779 | D:1      | Reached XP level 3. HP: 19/19 MP: 4/7
  1144 | D:2      | Found a transporter.
  1147 | D:2      | Found a snail-covered altar of Cheibriados.
  1147 | D:2      | Found a transporter.
  1150 | D:2      | Noticed an ice beast
  1176 | D:2      | Noticed Robin
  1179 | D:2      | Killed Robin
  1354 | D:2      | Reached XP level 4. HP: 12/24 MP: 2/8
  1814 | D:2      | Learned a level 3 spell: Static Discharge
  1819 | D:2      | Learned a level 4 spell: Airstrike
  1924 | D:2      | Found an ornate altar of the Wu Jian Council.
  1924 | D:2      | Found a shimmering altar of Xom.
  2084 | D:2      | Found a shimmering blue altar of Sif Muna.
  2086 | D:2      | Found a glowing silver altar of Zin.
  2544 | D:2      | Reached skill level 5 in Air Magic
  2762 | D:2      | Gained mutation: You can fly continuously. [Tengu growth]
  2762 | D:2      | Reached XP level 5. HP: 28/28 MP: 0/10
  3006 | D:2      | Noticed Sigmund
  3264 | D:2      | Gained mutation: You are weak. (Str -2) [potion of
                  | mutation]
  3264 | D:2      | Gained mutation: You are frail. (-10% HP) [potion of
                  | mutation]
  3264 | D:2      | Lost mutation: You are frail. (-10% HP) [potion of
                  | mutation]
  3264 | D:2      | Gained mutation: You are resistant to electric shocks.
                  | (rElec) [potion of mutation]
  3274 | D:2      | Mangled by an ice beast

Levels and vault maps discovered:
D:1:      lightli_arrival_flooded_house, layout_rooms
D:2:      minmay_inner_zag, layout_loops_ring, grunt_temple_overflow_cloverleaf,
          gammafunk_temple_overflow_arena, uniq_robin, uniq_sigmund

Skill      XL: |  1  2  3  4 |
---------------+-------------+-----
Conjurations   | 2 3 4 |  4.6
Air Magic      | 5 |  5.1
Dodging        | |  2.1
Stealth        | |  2.0
Spellcasting   | |  2.8

Action                   |  1- 3 |  4- 6 || total
-------------------------+-------+-------++-------
Melee: Unarmed           |    12 |       ||    12
       Kick              |     9 |    11 ||    20
       Peck              |     3 |     9 ||    12
       Whip              |    17 |    64 ||    81
       War axe           |       |     4 ||     4
 Cast: Shock             |    44 |    50 ||    94
       Airstrike         |       |     2 ||     2
  Use: Scroll            |       |     5 ||     5
       Potion            |       |     5 ||     5
 Stab: Sleeping          |       |     3 ||     3
  Eat: Chunk             |     2 |     6 ||     8
Armor: Robe              |     5 |    16 ||    21
Dodge: Dodged            |    31 |    86 ||   117

Table legend:
 A = Non-vault XP
 B = Vault XP
 C = Vault XP percentage of total XP
 D = Non-vault monster count
 E = Vault monster count
 F = Vault count percentage of total count
                 A         B        C        D         E       F
            +---------+---------+-------+---------+---------+-------
      Total |     132 |      55 |  29.4 |      54 |      18 |  25.0
            +---------+---------+-------+---------+---------+-------
        D:1 |      46 |       2 |   4.2 |      25 |       1 |   3.8
        D:2 |      86 |      53 |  38.1 |      29 |      17 |  37.0
            +---------+---------+-------+---------+---------+-------
